Map: 国王藏宝地-天梯版

Players

SortOf

  • Race: Zerg Zerg

DnS - Winner!

  • Race: Protoss Protoss

Event: WESG 2018 Grand Finals

VOD

Have the link to the VOD?

Description

Time

  • Played on: March 13, 2019, 4:24 a.m.
  • Length: 12:40

All games in this series

Show
View Real Time Build Order
Export as new Build Order

SortOf Zerg 

Build Orders: Hatch First 

Get SALT Encoding   

  12  0:01  Drone  
  13  0:13  Overlord  
  13  0:18  Drone  
  14  0:31  Drone  
  14  0:32  Drone  
  16  0:49  Hatchery  
  15  0:52  Drone  
  15  0:56  Drone  
  17  1:00  Drone  
  18  1:10  Extractor  
  17  1:17  Spawning Pool  
  17  1:18  Drone  
  17  1:21  Drone  
  18  1:29  Drone  
  19  1:41  Drone  
  20  1:51  Hatchery  
  19  1:55  Drone  
  20  2:03  Zergling x2  
  20  2:07  Queen  
  23  2:12  Overlord  
  23  2:16  Drone  
  23  2:18  Drone  
  23  2:22  Drone  
  26  2:31  Queen  
  26  2:35  Drone  
  29  2:42  Drone x2  
  31  2:45  Queen  
  31  2:47  Zergling x2  
  31  2:50  Zergling x2  
  35  2:57  Overlord  
  35  3:07  Queen  
  36  3:13  Drone  
  36  3:15  Drone x3  
  40  3:21  Drone x2  
  42  3:29  Queen  
  42  3:30  Overlord  
  42  3:33  Drone x2  
  46  3:39  Lair  
  46  3:44  Drone x2  
  46  3:45  Roach Warren  
  46  3:46  Drone  
  46  3:47  Drone  
  49  3:51  Drone x2  
  51  3:58  Spore Crawler  
  51  3:59  Drone x2  
  51  4:02  Drone x2  
  54  4:06  Drone x2  
  54  4:09  Extractor  
  55  4:10  Extractor  
  55  4:12  Overlord  
  55  4:13  Overlord  
  54  4:21  Drone x2  
  54  4:22  Drone  
  57  4:27  Overlord  
  57  4:30  Roach x4  
  65  4:33  Roach  
  65  4:37  Overseer  
  67  4:39  Roach  
  67  4:41  Overlord  
  67  4:44  Drone x2  
  71  4:48  Drone x2  
  71  4:49  Drone  
  74  4:54  Overseer  
  74  4:56  Drone x2  
  74  4:59  Roach x2  
  78  5:07  Overlord, Drone  
  78  5:08  Spore Crawler  
  78  5:09  Overlord  
  78  5:10  Drone x3  
  81  5:18  Drone  
  81  5:19  Drone x5  
  87  5:21  Extractor  
  86  5:28  Drone  
  86  5:30  Roach  
  86  5:31  Roach x4  
  86  5:33  Overseer  
  97  5:36  Extractor  
  97  5:37  Drone x3  
  97  5:39  Extractor  
  98  5:45  Spire  
  87  5:56  Drone x8  
  91  6:00  Drone  
  88  6:06  Glial Reconstitution  
  88  6:09  Drone x2  
  90  6:14  Zergling x2, Drone  
  92  6:19  Overlord  
  92  6:23  Drone x4  
  96  6:28  Drone x2  
  98  6:34  Overlord  
  98  6:35  Drone  
  99  6:41  Overlord  
  99  6:44  Drone x2  
  99  6:45  Drone x2  
  103  6:52  Overlord x3  
  103  7:01  Mutalisk x6  
  103  7:03  Mutalisk  
  117  7:10  Roach x3  
  117  7:13  Evolution Chamber  
  122  7:17  Roach x3  
  128  7:23  Baneling Nest  
  128  7:24  Drone  
  128  7:34  Drone x2  
  127  7:43  Hatchery  
  124  7:47  Overlord  
  124  7:48  Roach x7  
  138  8:03  Overlord  
  134  8:05  Overlord  
  134  8:07  Roach x5  
  144  8:14  Roach x4  
  152  8:21  Mutalisk x3  
  152  8:27  Roach x3  
  162  8:31  Zergling x6  
  162  8:32  Overlord  
  162  8:33  Ravager x2  
  162  8:34  Ravager  
  168  8:37  Zergling x4  
  170  8:41  Zergling x8  
  170  8:42  Zergling x2  
  170  8:43  Ravager x3  
  178  8:55  Zergling x14  
  185  9:02  Baneling  
  185  9:03  Baneling x18  
  185  9:08  Roach x3  
  191  9:11  Overlord  
  191  9:12  Overseer  
  182  9:24  Roach  
  182  9:25  Overlord  
  181  9:35  Roach x10  
  173  9:38  Roach  
  173  9:42  Roach x3  
  155  9:46  Roach  
  155  9:48  Roach  
  134  9:53  Roach x4  
  134  9:58  Roach x3  
  134  10:00  Ravager  
  134  10:01  Ravager x2  
  137  10:07  Roach x3  
  137  10:09  Baneling x3  
  137  10:11  Roach  
  145  10:20  Roach x5  
  145  10:21  Roach  
  143  10:33  Roach  
  120  10:37  Roach x7  
  120  10:42  Roach  
  122  10:44  Roach  
  116  10:51  Drone  
  116  10:52  Drone x7  
  116  10:55  Metabolic Boost  
  124  11:05  Zergling x12  
  124  11:09  Extractor  
  129  11:11  Extractor  
  129  11:15  Overseer  
  129  11:16  Zergling x2  
  129  11:17  Zergling x14  
  124  11:55  Roach x23  
  124  11:57  Overlord  
  166  12:07  Overlord x2  
  158  12:10  Baneling x11  
  158  12:11  Baneling x2  
  152  12:20  Zergling x14  
Show
View Real Time Build Order
Export as new Build Order

DnS Protoss - Winner!

Build Orders: 1 Gate Expand, Archon Immortal, Archon Drop, Dark Templar Rush 

Get SALT Encoding   

  12  0:00  Probe  
  13  0:12  Probe  
  14  0:19  Pylon  
  14  0:24  Probe  
  15  0:33  Probe  
  15  0:39  Gateway  
  15  0:41  Probe  
  16  0:47  Assimilator  
  17  0:51  Probe  
  18  1:03  Probe  
  19  1:15  Probe  
  20  1:26  Nexus  
  20  1:36  Cybernetics Core  
  20  1:38  Probe  
  21  1:46  Assimilator  
  21  1:50  Probe  
  21  1:53  Pylon  
  22  2:01  Probe  
  22  2:03  Adept  
  23  2:09  Probe  
  26  2:18  Probe  
  27  2:24  Twilight Council  
  27  2:27  Warp Gate  
  27  2:29  Probe  
  27  2:34  Probe  
  27  2:36  Stalker  
  30  2:42  Probe  
  30  2:43  Probe  
  33  2:52  Probe  
  33  2:55  Probe  
  33  2:57  Robotics Facility  
  35  3:03  Probe  
  36  3:07  Probe  
  36  3:11  Probe  
  37  3:19  Probe x2  
  39  3:21  Dark Shrine  
  40  3:30  Probe  
  40  3:31  Probe  
  40  3:32  Gateway  
  42  3:38  Warp Prism  
  42  3:40  Gateway  
  42  3:41  Gateway  
  42  3:44  Assimilator  
  42  3:53  Assimilator  
  44  3:56  Pylon  
  44  3:58  Probe x2  
  46  4:05  Pylon  
  46  4:14  Probe x2  
  48  4:23  Warp Prism  
  48  4:26  Probe x2  
  52  4:40  Dark Templar x4  
  52  4:42  Probe  
  52  4:44  Archon x2  
  61  4:49  Pylon  
  61  4:58  Nexus  
  61  5:05  Pylon, Probe  
  62  5:07  Probe  
  63  5:19  Probe  
  63  5:20  Observer  
  64  5:22  Dark Templar x3  
  64  5:24  Dark Templar  
  64  5:25  Probe  
  64  5:26  Archon  
  74  5:28  Archon  
  74  5:31  Probe  
  74  5:32  Forge  
  74  5:33  Pylon  
  75  5:39  Probe  
  76  5:49  Immortal  
  76  5:51  Probe  
  76  5:52  Probe  
  76  5:57  Protoss Ground Weapons Level 1  
  70  6:03  Probe  
  70  6:04  Probe  
  72  6:07  Charge  
  68  6:11  Probe  
  68  6:14  Gateway  
  68  6:15  Probe, Gateway  
  70  6:22  Dark Templar  
  70  6:25  Sentry x2, Warp Prism  
  76  6:30  Probe  
  76  6:31  Probe  
  78  6:34  Probe  
  78  6:35  Sentry  
  78  6:36  Assimilator  
  78  6:37  Pylon  
  78  6:38  Assimilator  
  83  6:41  Gateway  
  83  6:43  Gateway  
  83  6:44  Probe x2  
  85  6:49  Immortal  
  85  7:01  Probe x2  
  87  7:04  Probe  
  87  7:05  Dark Templar x2  
  96  7:11  Archon  
  96  7:15  Immortal  
  96  7:16  Probe  
  96  7:19  Photon Cannon x2  
  97  7:25  Zealot x3  
  97  7:28  Photon Cannon  
  107  7:30  Protoss Ground Weapons Level 2  
  107  7:40  Photon Cannon  
  105  7:51  Stalker x2  
  105  7:58  Probe  
  108  8:08  Pylon x2  
  108  8:09  Pylon  
  108  8:11  Pylon  
  108  8:16  Immortal  
  108  8:18  Probe x2  
  109  8:23  Probe  
  113  8:27  Dark Templar x4  
  113  8:29  Zealot x4  
  113  8:31  Archon x2  
  129  8:37  Pylon  
  129  8:49  Dark Templar  
  129  8:50  Dark Templar x2  
  129  8:51  Dark Templar  
  129  8:55  Archon x2  
  136  8:58  Observer  
  135  9:06  Zealot x4  
  135  9:08  Probe x3  
  135  9:09  Pylon  
  146  9:17  Photon Cannon  
  146  9:22  Pylon  
  146  9:24  Pylon  
  146  9:25  Pylon  
  146  9:30  Protoss Ground Weapons Level 3  
  143  9:35  Zealot x3  
  143  9:36  Zealot  
  101  9:52  Zealot  
  101  9:53  Zealot x3  
  101  9:58  Zealot x4  
  117  10:03  Zealot x4  
  117  10:09  Warp Prism  
  117  10:18  Zealot x4  
  113  10:24  Dark Templar x6  
  113  10:25  Zealot x2  
  125  10:29  Archon x2  
  125  10:30  Archon  
  125  10:32  Immortal  
  99  10:57  Nexus  
  99  10:58  Sentry x2  
  99  10:59  Sentry  
  99  11:01  Immortal, Dark Templar x2  
  99  11:02  Zealot, Dark Templar x2  
  115  11:05  Archon x2  
  115  11:07  Gateway  
  115  11:09  Pylon, Probe x3, Gateway  
  122  11:25  Dark Templar  
  122  11:30  Dark Templar  
  122  11:31  Dark Templar  
  128  11:33  Zealot  
  128  11:34  Archon  
  128  11:38  Immortal  
  130  11:41  Zealot x4  
  141  11:57  Stalker x2  
  141  12:06  Zealot x5  
  146  12:10  Dark Templar  
  146  12:16  Sentry, Dark Templar  
  146  12:20  Archon  
  134  12:33  Zealot x7  
Tags
 
Add a new tag
Caveats
  • Supply blocks, unpowered buildings, or Contaminate may cause inaccurate times.
  • Supply counts are checked every 10 seconds.